 Dungeon Crawl Stone Soup version 0.28-a0-969-g2dcde036d2 (webtiles) character file.

Game seed: 2794845282632715766

43 Decritt the Magician (level 3, 0/27 HPs)
             Began as a Djinni Fire Elementalist on Dec 1, 2021.
             Slain by Terence (3 damage)
             ... on level 2 of the Dungeon.
             The game lasted 00:05:39 (2290 turns).

Decritt the Magician (Djinni Fire Elementalist)     Turns: 2290, Time: 00:05:40

Health: 0/27       AC:  2    Str:  7    XL:     3   Next: 82%
Gold:   49         EV: 12    Int: 18    God:
                   SH:  0    Dex: 13

rFire   + + .      SeeInvis .   g - +0 short sword (elec)
rCold   x . .      Faith    .   (no shield)
rNeg    . . .      Spirit   .   a - +0 robe
rPois   ∞          Reflect  .   (no helmet)
rElec   .          Harm     .   (no cloak)
rCorr   .          Rampage  .   (no gloves)
Will    .....                   (boots unavailable)
Stlth   ++........              (no amulet)
HPRegen 0.09/turn               (no ring)
MPRegen 0.00/turn               (no ring)

@: flying
A: sickness immunity, fire resistance 2, cold vulnerability 1, float, innate
caster, hp casting, extra vitality 1
a: no special abilities


You were on level 2 of the Dungeon.
You visited 1 branch of the dungeon, and saw 2 of its levels.

You collected 49 gold pieces.

Inventory:

Hand Weapons
 d - a +0 short sword
 g - a +0 short sword of electrocution (weapon)
Missiles
 f - 24 stones
Armour
 a - a +0 robe (worn)
 b - a +0 leather armour
Scrolls
 c - a scroll of enchant armour {unknown}
Potions
 e - a potion of curing {unknown}
 h - a potion of mutation {unknown}


   Skills:
 + Level 1.2 Fighting
 + Level 2.8 Dodging
 - Level 1.5 Stealth
 * Level 3.0 Spellcasting


You couldn't memorise any spells.
You knew the following spells:

 Your Spells              Type           Power      Damage    Failure   Level
a - Sandblast             Erth           26%        2d8       4%          1
b - Scorch                Fire           26%        2d6       7%          2
c - Conjure Flame         Conj/Fire      13%        6-21      14%         3
d - Inner Flame           Hex/Fire       13%        N/A       14%         3
e - Flame Wave            Conj/Fire      13%        2d5       41%         4
f - Foxfire               Conj/Fire      52%        2x1d6     4%          1
Your spell library was empty.

Dungeon Overview and Level Annotations

Branches:
Dungeon (2/15)

Altars:

Annotations:
D:2 Terence


Innate Abilities, Weirdness & Mutations

You are immune to sickness and miasma.
You are immune to poison.
Your flesh is very heat resistant. (rF++)
You are vulnerable to cold. (rC-)
You float through the air rather than walking.
You learn spells naturally, not from books.
Your magical power is your life essence.
You have superior vitality. (+4 HP)


Message History

Aiming: Sandblast (safe; 4% risk of failure)
Press: ? - help, Shift-Dir - straight line, f/p - Terence
Aim: Terence, wielding a +0 hand axe and wearing a +0 scale mail (82% to hit)
The blast of sand hits Terence but does no damage.
f - 26 stones Terence hits you with a +0 hand axe.
Casting: Sandblast (safe; 4% risk of failure)
Confirm with . or Enter, or press ? or * to list all spells.
Aiming: Sandblast (safe; 4% risk of failure)
Press: ? - help, Shift-Dir - straight line, f/p - Terence
Aim: Terence, wielding a +0 hand axe and wearing a +0 scale mail (82% to hit)
The blast of sand hits Terence.
Terence is lightly wounded.
f - 25 stones Terence barely misses you.
Unknown command.
You hit Terence but do no damage.
Terence is lightly wounded.
Terence shouts, "Now you die!" Terence misses you.
You closely miss Terence.
Terence is lightly wounded.
Terence hits you with a +0 hand axe.
* * * LOW HITPOINT WARNING * * *
Your magical contamination has completely faded away.
You closely miss Terence.
Terence is lightly wounded.
Terence hits you with a +0 hand axe!
* * * LOW HITPOINT WARNING * * *
Casting: Sandblast (safe; 4% risk of failure)
Confirm with . or Enter, or press ? or * to list all spells.
Aiming: Sandblast (safe; 4% risk of failure)
Press: ? - help, Shift-Dir - straight line, f/p - Terence
Aim: Terence, wielding a +0 hand axe and wearing a +0 scale mail (lightly wounded, 82% to hit)
The blast of sand hits Terence!
Terence is severely wounded.
f - 24 stones
* * * LOW HITPOINT WARNING * * *
Terence hits you with a +0 hand axe.
You die...

#####.####.#..#..#.#.#
......# #.#..#..#.#.#
....... #....#....#.#
....#### #.........#.#
..#.# ###########.#
....# #.###.# ..#.#
#.....# ..#..# #.#####
. #@# #@# . #!# . #.#
#.# ..# ..# .##


You could see Terence.

Vanquished Creatures
  An adder (D:2)
  2 dart slugs (D:1)
  4 ball pythons (D:1)
  An endoplasm (D:1)
  A giant cockroach (D:1)
  3 hobgoblins (D:1)
  6 kobolds
  2 quokkas (D:1)
  3 bats (D:1)
  3 frilled lizards (D:1)
  4 rats (D:1)
30 creatures vanquished.

Vanquished Creatures (others)
  55 foxfires
55 creatures vanquished.

Grand Total: 85 creatures vanquished

Notes
Turn   | Place    | Note
-------+----------+-------------------------------------------
     0 | D:1      | Decritt the Djinni Fire Elementalist began the quest for
                  | the Orb.
     0 | D:1      | Reached XP level 1. HP: 15/15 MP: 0/0
   549 | D:1      | Reached XP level 2. HP: 19/22 MP: 0/0
  1535 | D:1      | Reached skill level 1 in Fighting
  1535 | D:1      | Reached XP level 3. HP: 25/27 MP: 0/0
  1535 | D:1      | Learned a level 1 spell: Sandblast
  2054 | D:2      | Reached skill level 3 in Spellcasting
  2085 | D:2      | Found a faded altar of an unknown god.
  2279 | D:2      | Noticed Terence
  2290 | D:2      | Slain by Terence

Illustrated notes

Levels and vault maps discovered:
D:1:      lordsloth_arrival_two_stooges, layout_basic,
          chequers_serial_rivers_small_a
D:2:      minmay_roachtagon, layout_loops_ring,
          shapermc_ecumenical_altar_notcrosses, minmay_pentomino_pile,
          uniq_terence

Skill      XL: |  1  2  3 |
---------------+----------+-----
Fighting       | 1 |  1.2
Spellcasting   | 3 |  3.0
Dodging        | |  2.8
Stealth        | |  1.5

Action                   || total
-------------------------++-------
Melee: Short sword       ||    21
 Cast: Foxfire           ||    30
       Sandblast         ||     6
Armor: Robe              ||     2
Dodge: Dodged            ||    20

Table legend: (Time is in decaauts)
 A = Elapsed time spent in this place.
 B = Non-inter-level travel time spent in this place.
 C = Inter-level travel time spent in this place.
 D = Time resting spent in this place.
 E = Time spent auto-exploring this place.
 F = Levels seen in this place.
 G = Mean time per level.
                   A        B        C        D        E       F      G
               +--------+--------+--------+--------+--------+-----+--------+
         Total |   2290 |   2285 |      5 |   1395 |    596 |   2 | 1145.0 |
       Dungeon |   2290 |   2285 |      5 |   1395 |    596 |   2 | 1145.0 |
               +--------+--------+--------+--------+--------+-----+--------+

Top non-repeatable levels by time:
     D:1: 2036 daAuts
     D:2: 254 daAuts
